Map: Black Site 2E

Players

BlueHawk

  • Race: Terran Terran
  • Spawn Location: 11:00

irvinz

  • Race: Zerg Zerg
  • League: Gold
  • Spawn Location: 6:00

DarkTemplar

  • Race: Protoss Protoss
  • League: Silver
  • Spawn Location: 12:00

fortes

  • Race: Zerg Zerg
  • Spawn Location: 5:00

VOD

Have the link to the VOD?

Description

Time

  • Played on: Aug. 31, 2018, 2:34 p.m.
  • Length: 5:06
Show
View Real Time Build Order
Export as new Build Order

BlueHawk Terran 

Build Orders:  

Get SALT Encoding   

  12  0:09  Supply Depot  
  12  0:14  SCV  
  13  0:27  SCV  
  14  0:34  Barracks  
  14  0:39  SCV  
  15  0:48  Refinery  
  15  0:52  SCV  
  16  1:04  SCV  
  17  1:17  SCV  
  18  1:36  Orbital Command  
  19  1:47  Bunker  
  19  1:52  Marine  
  19  2:09  SCV  
  19  2:15  Barracks  
  20  2:16  Command Center  
  20  2:23  Marine, SCV  
  22  2:37  Factory, SCV  
  23  2:48  Supply Depot  
  23  2:53  Refinery  
  23  3:09  Marine, SCV  
  25  3:18  Supply Depot  
  25  3:22  Factory Reactor, SCV  
  25  3:23  Barracks Tech Lab  
  26  3:45  Marine x2  
  28  3:59  SCV  
  29  4:02  Marine  
  29  4:03  Engineering Bay  
  30  4:23  SCV x2  
  32  4:24  Marine  
  32  4:25  Marine  
  32  4:39  SCV  
  32  4:42  Marine x2  
  36  4:52  SCV  
Show
View Real Time Build Order
Export as new Build Order

irvinz Zerg 

Build Orders: Pool First 

Get SALT Encoding   

  12  0:01  Drone  
  13  0:08  Drone  
  14  0:19  Overlord  
  14  0:37  Drone x3  
  17  0:47  Spawning Pool  
  17  0:49  Drone  
  17  1:00  Drone, Extractor  
  17  1:34  Zergling x6  
  17  1:35  Queen  
  22  1:45  Overlord  
  22  1:50  Spine Crawler  
  21  1:58  Zergling x2  
  22  2:09  Zergling x2  
  23  2:25  Zergling x2  
  23  2:32  Zergling x2  
  24  2:39  Zergling x2  
  24  2:41  Metabolic Boost  
  25  2:46  Roach Warren  
  24  2:53  Zergling x2  
  24  2:54  Overlord, Zergling x2  
  24  2:55  Zergling x2  
  27  3:06  Zergling x2  
  27  3:30  Roach x4  
  35  3:45  Roach  
  35  3:46  Drone  
  38  3:57  Overlord  
  38  4:07  Overlord, Hatchery, Drone  
  38  4:15  Drone  
  39  4:23  Roach  
  39  4:24  Roach  
  43  4:25  Drone  
  43  4:34  Zergling x4  
  41  4:46  Roach  
Show
View Real Time Build Order
Export as new Build Order

DarkTemplar Protoss 

Build Orders:  

Get SALT Encoding   

  12  0:01  Probe  
  13  0:14  Probe  
  14  0:30  Pylon, Probe  
  15  0:35  Assimilator  
  15  0:48  Probe  
  16  0:52  Gateway  
  16  0:58  Probe  
  16  1:00  Forge  
  17  1:06  Probe  
  18  1:17  Probe  
  19  1:29  Pylon  
  19  1:30  Probe  
  20  1:38  Assimilator  
  20  1:42  Probe  
  21  1:54  Photon Cannon  
  21  2:00  Photon Cannon, Probe  
  22  2:12  Zealot  
  22  2:14  Probe  
  25  2:24  Protoss Ground Weapons Level 1  
  25  2:29  Pylon  
  25  2:32  Probe  
  26  2:39  Zealot  
  26  2:40  Cybernetics Core  
  26  2:44  Pylon, Probe  
  29  3:00  Photon Cannon  
  29  3:02  Probe  
  30  3:22  Pylon  
  30  3:32  Robotics Facility  
  30  3:36  Pylon  
  30  3:37  Stalker  
  30  3:42  Photon Cannon  
  32  4:00  Gateway  
  31  4:18  Probe  
  32  4:30  Probe  
  27  4:48  Photon Cannon  
  27  4:51  Pylon  
  29  4:59  Pylon  
Show
View Real Time Build Order
Export as new Build Order

fortes Zerg 

Build Orders: Pool First 

Get SALT Encoding   

  12  0:02  Drone  
  13  0:12  Drone  
  14  0:19  Overlord  
  14  0:38  Drone  
  14  0:40  Drone x2  
  17  0:57  Drone  
  17  1:01  Drone  
  19  1:14  Drone  
  19  1:15  Spawning Pool  
  19  1:21  Extractor  
  18  1:35  Hatchery  
  18  1:36  Drone x2  
  19  1:48  Drone  
  20  1:58  Extractor  
  8  2:30  Drone  
  8  2:31  Drone  
  8  2:35  Zergling x2  
  3  2:44  Zergling x2  
  2  2:54  Drone x2  
  4  2:58  Drone  
  4  3:04  Drone  
  6  3:13  Spine Crawler, Drone  
  5  3:24  Zergling x4  
  6  3:30  Zergling x4  
  7  3:48  Drone  
  8  4:02  Drone  
  9  4:15  Drone  
  10  4:38  Drone x2  
  12  4:44  Drone  
  13  4:53  Drone  
Tags
 
Add a new tag
Caveats
  • Supply blocks, unpowered buildings, or Contaminate may cause inaccurate times.
  • Supply counts are checked every 10 seconds.